 Dungeon Crawl Stone Soup version 0.17-a0-1078-g243345b (webtiles) character file.

67 Ruokin the Skirmisher (level 4, -3/36 HPs)
             Began as a Human Fighter on May 18, 2015.
             Was an Initiate of Nemelex Xobeh.
             Splashed by a brown ugly thing's acid (13 damage)
             ... summoned by the player character
             ... on level 3 of the Dungeon.
             The game lasted 00:05:29 (1009 turns).

Ruokin the Skirmisher (Human Fighter)               Turns: 1009, Time: 00:05:32

Health: -3/36      AC:  6    Str: 17    XL:     4   Next: 40%
Magic:  4/4        EV:  7    Int:  8    God:    Nemelex Xobeh [......]
Gold:   64         SH:  9    Dex: 13    Spells: 0 memorised, 3 levels left

rFire  . . .     SeeInvis .     a - +0 long sword
rCold  . . .     Clarity  .     b - +0 scale mail
rNeg   . . .     SustAb   .     c - +0 shield
rPois  .         Gourm    .     (no helmet)
rElec  .         Spirit   .     (no cloak)
rCorr  .         Warding  .     (no gloves)
rMut   .         Stasis   .     (no boots)
MR     .....                    (no amulet)
Stlth  ..........               (no ring)
                                (no ring)

@: not resistant to hostile enchantments, extremely unstealthy
A: no striking features
a: Renounce Religion


You were on level 3 of the Dungeon.
You worshipped Nemelex Xobeh.
Nemelex Xobeh was noncommittal.
You were hungry.

You visited 1 branch of the dungeon, and saw 3 of its levels.

You collected 64 gold pieces.

Inventory:

Hand weapons
 a - a +0 long sword (weapon)
 i - a cursed -2 dagger
 n - a cursed -3 dagger
Armour
 b - a +0 scale mail (worn)
 c - a +0 shield (worn)
 g - a +0 ring mail
Scrolls
 f - a scroll of identify {unknown}
 j - a scroll of amnesia {unknown}
 l - a scroll of recharging {unknown}
 o - a scroll of remove curse {unknown}
 p - a scroll of fear {unknown}
Potions
 d - a potion of might
 m - a potion of lignification {unknown}
 q - a potion of brilliance {unknown}
 r - a potion of magic {unknown}
Miscellaneous
 k - a plain deck of war {drawn: 1}
Comestibles
 e - 3 bread rations
 h - 2 meat rations


   Skills:
 + Level 3.6 Fighting
 + Level 2.4 Long Blades
 + Level 3.4 Armour
 + Level 0.4 Dodging
 + Level 0.4 Stealth
 + Level 3.6 Shields


You had 3 spell levels left.
You didn't know any spells.

Dungeon Overview and Level Annotations

Branches:
Dungeon (3/15)

Altars:
Nemelex Xobeh


Message History

You kill the orc!
The orc barely misses you.
You hit the orc.
The orc is heavily wounded.
You block the orc's attack.
You hit the orc.
The orc is heavily wounded.
The orc hits you with a club.
You draw a card...
It is Repulsiveness.
You are feeling hungry.
The orc closely misses you.
You swap places.
The orc priest mumbles some strange prayers to Beogh against you.
Something smites you!
The orc barely misses your green ugly thing.
The brown ugly thing trunk-slaps you!
* * * LOW HITPOINT WARNING * * *
You are splashed with acid!
The acid burns!
You die...
Your body disappears without a glow.

###.# #.#
###.# #...#
#.### ##. #.#
#...### #.#
......o#####.#
#oou@u..#
#########


You could see a brown ugly thing, an orc priest, 2 orcs and a friendly green
ugly thing.

Vanquished Creatures
  Ijyb (D:2)
  2 worms (D:2)
  An orc (D:3)
  A ball python (D:1)
  4 hobgoblins
  A quokka (D:2)
  5 bats
  4 giant cockroaches
  A giant newt (D:1)
  4 goblins (D:1)
  3 kobolds (D:1)
  6 rats
33 creatures vanquished.

Notes
Turn   | Place    | Note
--------------------------------------------------------------
     0 | D:1      | Ruokin the Human Fighter began the quest for the Orb.
     0 | D:1      | Reached XP level 1. HP: 18/18 MP: 1/1
    99 | D:1      | Reached XP level 2. HP: 18/24 MP: 2/2
   342 | D:1      | Found a sparkling altar of Nemelex Xobeh.
   346 | D:1      | Became a worshipper of Nemelex Xobeh the Trickster
   364 | D:1      | Received a gift from Nemelex Xobeh
   546 | D:2      | Reached XP level 3. HP: 29/29 MP: 3/3
   673 | D:2      | Noticed Ijyb
   685 | D:2      | Killed Ijyb
   685 | D:2      | Reached XP level 4. HP: 36/36 MP: 4/4
  1008 | D:3      | Noticed a brown ugly thing
  1009 | D:3      | Splashed by a brown ugly thing's acid

Vault maps used:
D:1:      minmay_arrival_stair_chambers, nemelex_diamond_rough_becter
D:2:      yredelemnul_forgotten_temple_becter, first_bread, uniq_iyjb
D:3:      pf_overflow_fires_of_destruction, minmay_misc_feat_plants,
          uniq_sigmund

Action                   |  1- 3 |  4- 6 || total
-------------------------+-------+-------++-------
Melee: Long sword        |    68 |    25 ||    93
Evoke: Deck              |       |     1 ||     1
